[ PARTIDA AOE2 · #494151447 ]
UnrankedJemeres vs Bohemians
Equipo del jugador · VICT
Equipo rival · DERR
[ ANÁLISIS DE REPETICIÓN · EXTRAÍDO DE LA PARTIDA GRABADA ]
Feudal
11:22
Castillos
14:14
Imperial
—
| APM promedio | 96.2 |
| APM pico | 163 |
| eAPM promedio | 49.9 |
| Aldeanos / militares | 53 / 8 |
Foco
⚔️ 60.9% · 🌾 39.1%
Monk ×4 · Scout Cavalry ×4
Feudal
8:53
Castillos
—
Imperial
—
| APM promedio | 70.8 |
| APM pico | 95 |
| eAPM promedio | 25.2 |
| Aldeanos / militares | 56 / 28 |
Foco
⚔️ 43.1% · 🌾 56.9%
Spearman ×14 · Archer ×10 · Scout Cavalry ×4
Mapa de la partida
Recursos iniciales + cada clic de construcción. Líneas = muros · curvas = relieve. ◆ oro · ⬟ piedra · ● bayas · ✦ reliquia · ◌ hueco del cierre
Tu base· Abierta — flanco sin cerrar
Base de DAI· Abierta — flanco sin cerrar
Terreno inicial suavizado · ◌ = hueco del cierre detectado · pasá el cursor para detalles
Inputs por minuto
— VIT | Hera - - DAI
Build order — VIT | Hera
131 acciones detectadas en el replay
| 0:02 | Crear | Villager (Male) |
| 0:02 | Crear | Villager (Male) |
| 0:02 | Crear | Villager (Male) |
| 0:02 | Construir | House |
| 0:03 | Construir | House |
| 0:06 | Crear | Villager (Male) |
| 1:25 | Crear | Villager (Male) |
| 1:25 | Crear | Villager (Male) |
| 1:52 | Construir | Lumber Camp |
| 2:00 | Crear | Villager (Male) |
| 2:00 | Crear | Villager (Male) |
| 2:18 | Crear | Villager (Male) |
| 2:18 | Crear | Villager (Male) |
| 2:18 | Crear | Villager (Male) |
| 2:40 | Construir | Palisade Wall |
| 2:43 | Construir | Palisade Wall |
| 2:48 | Construir | House |
| 2:50 | Crear | Villager (Male) |
| 2:50 | Crear | Villager (Male) |
| 3:02 | Crear | Villager (Male) |
| 3:32 | Crear | Villager (Male) |
| 3:32 | Crear | Villager (Male) |
| 4:03 | Crear | Villager (Male) |
| 4:03 | Crear | Villager (Male) |
| 4:19 | Construir | Mill |
| 4:24 | Crear | Villager (Male) |
| 4:25 | Crear | Villager (Male) |
| 4:53 | Crear | Villager (Male) |
| 5:24 | Crear | Villager (Male) |
| 5:45 | Crear | Villager (Male) |
| 5:54 | Construir | House |
| 6:06 | Crear | Villager (Male) |
| 6:41 | Crear | Villager (Male) |
| 7:01 | Crear | Villager (Male) |
| 7:28 | Crear | Villager (Male) |
| 7:50 | Crear | Villager (Male) |
| 8:03 | Investigar | Loom |
| 8:11 | Construir | Mining Camp |
| 8:15 | Crear | Villager (Male) |
| 8:24 | Investigar | Loom |
| 9:04 | Investigar | Feudal Age |
| 9:04 | Investigar | Feudal Age |
| 9:15 | Construir | Farm |
| 9:16 | Construir | Farm |
| 9:19 | Construir | Farm |
| 9:21 | Construir | Farm |
| 10:04 | Construir | House |
| 10:11 | Construir | House |
| 10:14 | Construir | House |
| 10:17 | Construir | House |
| 10:28 | Construir | House |
| 10:42 | Construir | Farm |
| 11:00 | Construir | Palisade Wall |
| 11:02 | Construir | House |
| 11:22 | Edad | Edad Feudal |
| 11:27 | Crear | Villager (Male) |
| 11:28 | Crear | Villager (Male) |
| 11:34 | Investigar | Castle Age |
| 11:35 | Investigar | Castle Age |
| 12:33 | Investigar | Double-Bit Axe |
| 12:33 | Investigar | Double-Bit Axe |
| 12:33 | Investigar | Horse Collar |
| 12:33 | Investigar | Horse Collar |
| 12:38 | Construir | Stable |
| 12:48 | Construir | Farm |
| 12:50 | Construir | House |
| 13:17 | Construir | Palisade Wall |
| 13:19 | Construir | Palisade Wall |
| 13:22 | Construir | Palisade Wall |
| 13:35 | Construir | Farm |
| 13:42 | Crear | Villager (Male) |
| 14:03 | Construir | Farm |
| 14:12 | Crear | Scout Cavalry |
| 14:14 | Edad | Edad de los Castillos |
| 14:17 | Construir | Monastery |
| 14:24 | Construir | Farm |
| 14:49 | Crear | Villager (Male) |
| 14:56 | Crear | Villager (Male) |
| 15:00 | Crear | Monk |
| 15:01 | Crear | Scout Cavalry |
| 15:02 | Construir | Farm |
| 15:18 | Crear | Villager (Male) |
| 15:21 | Crear | Villager (Male) |
| 15:27 | Construir | Farm |
| 15:30 | Construir | Farm |
| 15:37 | Investigar | Light Cavalry (upgrade) |
| 15:37 | Investigar | Light Cavalry (upgrade) |
| 15:37 | Crear | Villager (Male) |
| 15:58 | Crear | Villager (Male) |
| 16:16 | Crear | Villager (Male) |
| 16:20 | Crear | Villager (Male) |
| 16:34 | Crear | Scout Cavalry |
| 16:35 | Crear | Villager (Male) |
| 16:46 | Construir | Farm |
| 16:47 | Construir | Farm |
| 16:48 | Construir | Farm |
| 16:54 | Construir | Farm |
| 16:56 | Construir | Farm |
| 17:01 | Crear | Monk |
| 17:12 | Investigar | Husbandry |
| 17:12 | Investigar | Husbandry |
| 17:18 | Crear | Villager (Male) |
| 17:21 | Investigar | Bloodlines |
| 17:21 | Investigar | Bloodlines |
| 17:21 | Investigar | Bloodlines |
| 17:46 | Crear | Villager (Male) |
| 17:47 | Construir | Town Center |
| 18:04 | Crear | Villager (Male) |
| 18:11 | Crear | Monk |
| 18:18 | Construir | House |
| 18:22 | Construir | House |
| 18:33 | Crear | Villager (Male) |
| 18:37 | Crear | Scout Cavalry |
| 18:37 | Crear | Villager (Male) |
| 18:52 | Construir | Farm |
| 18:53 | Construir | Farm |
| 18:55 | Construir | Farm |
| 19:06 | Construir | House |
| 19:08 | Construir | House |
| 19:24 | Crear | Villager (Male) |
| 19:27 | Crear | Villager (Male) |
| 19:28 | Crear | Villager (Male) |
| 19:40 | Crear | Villager (Male) |
| 19:51 | Crear | Villager (Male) |
| 19:54 | Crear | Villager (Male) |
| 19:55 | Construir | Farm |
| 19:56 | Crear | Monk |
| 20:03 | Construir | Farm |
| 20:03 | Construir | Farm |
| 20:04 | Construir | Farm |
| 20:16 | Crear | Villager (Male) |
Build order — DAI
133 acciones detectadas en el replay
| 0:00 | Crear | Villager (Male) ×4 |
| 0:01 | Crear | Villager (Male) ×4 |
| 0:02 | Construir | House |
| 0:04 | Construir | House |
| 1:26 | Crear | Villager (Male) |
| 1:26 | Crear | Villager (Male) |
| 2:02 | Crear | Villager (Male) |
| 2:02 | Crear | Villager (Male) |
| 2:22 | Crear | Villager (Male) |
| 2:22 | Crear | Villager (Male) |
| 2:34 | Construir | Lumber Camp |
| 2:58 | Crear | Villager (Male) |
| 2:58 | Crear | Villager (Male) |
| 3:03 | Crear | Villager (Male) |
| 3:03 | Crear | Villager (Male) |
| 3:11 | Construir | Palisade Wall |
| 3:12 | Construir | House |
| 3:28 | Crear | Villager (Male) |
| 3:28 | Crear | Villager (Male) |
| 3:56 | Crear | Villager (Male) |
| 3:57 | Crear | Villager (Male) |
| 4:16 | Crear | Villager (Male) |
| 4:16 | Crear | Villager (Male) |
| 4:17 | Crear | Villager (Male) |
| 4:38 | Crear | Villager (Male) |
| 5:15 | Crear | Villager (Male) |
| 5:16 | Investigar | Loom |
| 5:17 | Construir | Mill |
| 6:40 | Investigar | Feudal Age |
| 6:40 | Investigar | Feudal Age |
| 7:02 | Construir | House |
| 7:04 | Construir | Palisade Wall |
| 7:32 | Construir | Palisade Wall |
| 7:44 | Construir | Barracks |
| 8:36 | Crear | Villager (Male) |
| 8:53 | Edad | Edad Feudal |
| 8:53 | Crear | Spearman |
| 8:54 | Crear | Spearman |
| 9:01 | Investigar | Double-Bit Axe |
| 9:04 | Construir | Stable |
| 9:07 | Crear | Villager (Male) |
| 9:20 | Construir | Farm |
| 9:24 | Crear | Villager (Male) |
| 9:38 | Construir | Farm |
| 9:40 | Construir | Farm |
| 9:44 | Crear | Villager (Male) |
| 9:47 | Construir | House |
| 10:01 | Crear | Scout Cavalry |
| 10:02 | Construir | Farm |
| 10:07 | Crear | Villager (Male) |
| 10:15 | Construir | Palisade Wall |
| 10:18 | Construir | Farm |
| 10:29 | Crear | Scout Cavalry |
| 10:37 | Construir | Farm |
| 10:41 | Construir | Farm |
| 11:10 | Crear | Villager (Male) |
| 11:11 | Crear | Villager (Male) |
| 11:13 | Construir | Mining Camp |
| 11:31 | Construir | Farm |
| 11:32 | Construir | Farm |
| 11:36 | Crear | Scout Cavalry |
| 11:58 | Construir | Archery Range |
| 12:00 | Crear | Villager (Male) |
| 12:26 | Crear | Villager (Male) |
| 12:31 | Crear | Villager (Male) |
| 12:33 | Construir | Farm |
| 12:34 | Construir | Farm |
| 12:44 | Crear | Spearman |
| 12:48 | Construir | Farm |
| 12:58 | Construir | House |
| 13:06 | Crear | Archer |
| 13:11 | Construir | House |
| 13:13 | Crear | Archer |
| 13:15 | Crear | Villager (Male) |
| 13:17 | Construir | Farm |
| 13:35 | Crear | Scout Cavalry |
| 13:41 | Crear | Villager (Male) |
| 13:41 | Crear | Villager (Male) |
| 13:46 | Crear | Archer |
| 13:50 | Construir | House |
| 14:08 | Crear | Spearman |
| 14:10 | Crear | Archer |
| 14:11 | Crear | Villager (Male) |
| 14:22 | Construir | House |
| 14:23 | Construir | Palisade Wall |
| 14:41 | Crear | Spearman |
| 14:52 | Crear | Villager (Male) |
| 14:52 | Crear | Spearman |
| 15:03 | Crear | Villager (Male) |
| 15:03 | Crear | Spearman |
| 15:05 | Construir | Blacksmith |
| 15:17 | Crear | Spearman |
| 15:24 | Crear | Villager (Male) |
| 15:24 | Crear | Villager (Male) |
| 15:38 | Construir | Farm |
| 15:58 | Investigar | Fletching |
| 16:19 | Crear | Spearman |
| 16:19 | Crear | Villager (Male) |
| 16:20 | Crear | Archer |
| 16:42 | Crear | Spearman |
| 16:43 | Crear | Villager (Male) |
| 16:43 | Crear | Archer |
| 16:46 | Crear | Villager (Male) |
| 16:47 | Construir | Farm |
| 16:48 | Construir | Farm |
| 16:50 | Construir | Farm |
| 16:51 | Construir | Farm |
| 16:56 | Crear | Villager (Male) |
| 16:59 | Crear | Archer |
| 17:00 | Crear | Spearman |
| 17:07 | Construir | House |
| 17:12 | Investigar | Forging |
| 17:18 | Crear | Archer |
| 17:23 | Crear | Spearman |
| 17:56 | Crear | Villager (Male) |
| 17:57 | Crear | Spearman |
| 18:00 | Crear | Archer |
| 18:09 | Construir | Farm |
| 18:11 | Crear | Villager (Male) |
| 18:13 | Construir | House |
| 18:15 | Construir | Palisade Wall |
| 18:16 | Construir | Palisade Wall |
| 18:16 | Construir | Palisade Wall |
| 18:48 | Crear | Villager (Male) |
| 18:48 | Crear | Villager (Male) |
| 18:49 | Construir | Farm |
| 19:06 | Crear | Villager (Male) |
| 19:23 | Crear | Spearman |
| 19:24 | Crear | Archer |
| 19:29 | Crear | Villager (Male) |
| 19:42 | Construir | Farm |
| 19:51 | Crear | Villager (Male) |
| 19:53 | Construir | Farm |
Cronología de la partida
| 2:40 | VIT | Hera · wall_segment Palisade Wall x1 |
| 2:43 | VIT | Hera · wall_segment Palisade Wall x1 |
| 3:11 | DAI · wall_segment Palisade Wall x1 |
| 7:04 | DAI · wall_segment Palisade Wall x4 |
| 7:32 | DAI · wall_segment Palisade Wall x1 |
| 7:44 | DAI · first_building Barracks |
| 8:53 | DAI · age_up feudal |
| 9:04 | DAI · first_building Stable |
| 10:15 | DAI · wall_segment Palisade Wall x1 |
| 11:00 | VIT | Hera · wall_segment Palisade Wall x1 |
| 11:22 | VIT | Hera · age_up feudal |
| 11:58 | DAI · first_building Archery Range |
| 12:38 | VIT | Hera · first_building Stable |
| 13:17 | VIT | Hera · wall_segment Palisade Wall x1 |
| 13:19 | VIT | Hera · wall_segment Palisade Wall x1 |
| 13:22 | VIT | Hera · wall_segment Palisade Wall x1 |
| 14:14 | VIT | Hera · age_up castle |
| 14:17 | VIT | Hera · first_building Monastery |
| 14:23 | DAI · wall_segment Palisade Wall x1 |
| 18:15 | DAI · wall_segment Palisade Wall x1 |
| 18:16 | DAI · wall_segment Palisade Wall x1 |
| 18:16 | DAI · wall_segment Palisade Wall x1 |
| 20:16 | DAI · resign |
[ ANÁLISIS IA · 1 CRÉDITO ]
¿Qué pasó realmente en esta partida?
Wolo.gg analiza cada decisión: build order, eco, micro, errores típicos por bracket. Análisis personalizado por WhatsApp o Discord en 30 segundos.
Guía civ
Jemeres
Perfil
Hera